AoeStats
← TSAO BING

Nomad

503654871Analyzed
4v4 RM · 1mo ago on Sep 1, 2026· 47m 15s· 8 players
Game mode
Random Map
Map size
231×231
Population
200
Speed
Normal
Resources
Standard
Victory
Conquest
Starting age
Dark Age
Ending age
Imperial Age
RankedLock teamsTeams togetherTeam positionsShared explorationLock speedFull tech treeHidden civsTurbo modeCheats
Victory
Defeat
🇺🇸 Wu · United States
1571
+15
🇨🇳 Magyars · China
1537
+17
🇩🇪 Goths · Germany
1530
+17
🇦🇷 Saracens · Argentina
1465
+20
🇹🇼 Poles · Taiwan
1624
-20
🇹🇼 Britons · Taiwan
1624
-20
🇹🇼 Hindustanis · Taiwan
1534
-16
🇹🇼 Cumans · Taiwan
1452
-13
enzoyin68
13:06 Loom
15:01 Feudal Age
18:57 Castle Age
17:19 Scale Barding Armor
17:38 Fishing Lines
18:36 Bloodlines
19:24 Gold Mining
20:20 Chain Barding Armor
19:23 Light Cavalry
20:16 Husbandry
20:12 Double-Bit Axe
28:28 Wheelbarrow
28:04 Town Watch
31:42 Hand Cart
40:22 Imperial Age
41:00 Fletching
42:27 Bodkin Arrow
45:37 Bracer
46:32 Horse Collar
AML4554
4:18 Loom
12:38 Feudal Age
13:06 Double-Bit Axe
14:47 Fletching
22:27 Castle Age
20:28 Horse Collar
21:05 Bloodlines
21:40 Scale Barding Armor
21:46 Forging
21:31 Fishing Lines
23:09 Husbandry
23:31 Chain Barding Armor
23:13 Bodkin Arrow
23:38 Medium Warships
31:59 Iron Casting
34:10 Wheelbarrow
35:42 Bow Saw
35:34 Heavy Plow
36:22 Hand Cart
41:10 Imperial Age
43:53 Plate Barding Armor
44:19 Blast Furnace
43:10 Heavy Hei Guang Cavalry
45:41 Coinage
47:28 Banking
M*rpheu$
13:51 Feudal Age
19:44 Castle Age
17:32 Loom
19:47 Castle Age
19:53 Castle Age
19:23 Double-Bit Axe
19:26 Horse Collar
23:31 Town Watch
24:21 Wheelbarrow
24:20 Bloodlines
24:11 Husbandry
24:38 Gold Mining
24:54 Heavy Plow
25:17 Scale Barding Armor
29:06 Bow Saw
30:42 Hand Cart
39:14 Stone Mining
39:26 Town Patrol
42:18 Pikeman
42:58 Squires
43:08 Scale Mail Armor
43:19 Forging
47:38 Imperial Age
45:13 Anarchy
48:21 Stone Shaft Mining
48:07 Chain Mail Armor
48:27 Iron Casting
Sick Porky Stoner
9:34 Loom
12:45 Feudal Age
16:18 Castle Age
14:38 Double-Bit Axe
16:05 Town Watch
17:13 Bow Saw
17:47 Fletching
20:00 Wheelbarrow
19:28 Bodkin Arrow
19:15 Fishing Lines
19:49 Medium Warships
22:44 Forging
25:29 Iron Casting
25:03 Fishing Lines
25:22 Horse Collar
26:57 Scale Barding Armor
29:58 Chain Barding Armor
29:50 Gillnets
35:11 Imperial Age
34:21 Husbandry
34:32 Bloodlines
36:29 Plate Barding Armor
37:17 Elite Mameluke
38:32 Ballistics
39:06 Bracer
40:50 Blast Furnace
39:58 Heavy Camel Rider
43:49 Hand Cart
44:48 Padded Archer Armor
45:55 Town Patrol
46:56 Gold Mining
46:57 Stone Mining
48:39 Chemistry
羅鈸棒
5:35 Loom
15:12 Feudal Age
19:31 Castle Age
18:27 Fletching
18:49 Double-Bit Axe
19:12 Gold Mining
20:11 Bodkin Arrow
19:36 Crossbowman
20:27 Crossbowman
39:40 Bloodlines
42:42 Husbandry
44:29 Wheelbarrow
43:44 Town Watch
43:43 Horse Collar
44:13 Scale Barding Armor
44:56 Bow Saw
48:47 Imperial Age
46:39 Forging
JamCat
14:11 Feudal Age
14:02 Loom
18:10 Castle Age
16:16 Gold Mining
16:38 Double-Bit Axe
19:51 Medium Warships
20:45 Bow Saw
21:27 Fletching
22:12 Bodkin Arrow
35:42 Town Watch
40:21 Padded Archer Armor
40:26 Stone Mining
42:57 Wheelbarrow
46:27 Imperial Age
47:36 Imperial Age
45:10 Crossbowman
Umi
14:00 Feudal Age
13:04 Loom
17:37 Castle Age
16:10 Double-Bit Axe
18:39 Medium Warships
19:35 Bow Saw
20:59 Horse Collar
24:41 Heavy Plow
26:14 Stone Mining
27:01 Wheelbarrow
26:11 Town Watch
27:31 Gold Mining
28:33 Scale Barding Armor
29:20 Stone Shaft Mining
28:58 Forging
29:22 Hand Cart
29:59 Chain Barding Armor
31:01 Szlachta Privileges
31:27 Husbandry
32:18 Bloodlines
33:40 Iron Casting
33:37 Town Patrol
43:22 Imperial Age
43:56 Coinage
43:26 Cavalier
45:08 Blast Furnace
TSAO BING
4:51 Loom
13:26 Feudal Age
22:17 Castle Age
21:39 Double-Bit Axe
21:36 Horse Collar
30:33 Heavy Plow
Connection lost

Rejoining the realm…

Still unreachable

The connection could not be restored.

Session expired

The server has moved on; the page needs a fresh start.